 Dungeon Crawl Stone Soup version 0.31-a0-431-g88bdf31460 (webtiles) character file.

Game seed: 2518243224086636614

112 CraigForest the Ruffian (level 4, -11/35 HPs)
             Began as a Draconian Shapeshifter on July 31, 2023.
             Mangled by an ogre
             ... wielding a +0 giant club
              (28 damage)
             ... on level 3 of the Dungeon.
             The game lasted 00:09:30 (1580 turns).

CraigForest the Ruffian (Draconian Shapeshifter)    Turns: 1580, Time: 00:09:31

Health: -11/35     AC:  5    Str: 21    XL:     4   Next: 63%
Magic:  4/4        EV: 12    Int:  9    God:
Gold:   135        SH:  0    Dex: 11    Spells: 3/3 levels left

rFire   + .          .
                       - Unarmed
rCold   . . .        (no shield)
rNeg    . . .        (body armour unavailable)
rPois   .            (helmet currently unavailable)
rElec   .            (cloak currently unavailable)
rCorr   .            (gloves currently unavailable)
SInv    .            (boots currently unavailable)
Will    +....        (no amulet)
Stlth   +            d - ring of willpower
HPRegen 0.25/turn    i - ring "Zywkug" {rF+ Str+2 Slay+3}
MPRegen 0.09/turn

%: no passive effects
@: beast-form
A: beast (slay +2), AC +5, unfitting armour, cold-blooded
a: Begin Untransformation


You were on level 3 of the Dungeon.
You were a hulking beast.
You visited 1 branch of the dungeon, and saw 3 of its levels.

You collected 135 gold pieces.

Inventory:

Jewellery
 d - a ring of willpower (left hand)
 i - the ring "Zywkug" (right hand) {rF+ Str+2 Slay+3}
   (You found it on level 3 of the Dungeon)

   [ring of protection from fire]

   Str:       It affects your strength (+2).
   Slay:      It affects your accuracy & damage with ranged weapons and melee
   (+3).
   rF:        It protects you from fire.
Talismans
 b - a beast talisman (active)
Scrolls
 f - a scroll of vulnerability
 g - a scroll of revelation
 h - 2 scrolls of blinking
 j - a scroll of identify
Potions
 a - a potion of lignification
 c - a potion of ambrosia
 e - a potion of attraction {unknown}


   Skills:
 + Level 1.1 Fighting
 + Level 2.2 Dodging
 + Level 4.1 Unarmed Combat
 + Level 3.9 Shapeshifting


You had 3 spell levels left.
You didn't know any spells.
Your spell library was empty.

Dungeon Overview and Level Annotations

Branches:
Dungeon (3/15)

Altars:
Fedhas

Shops:
D:1 [[(


Innate Abilities, Weirdness & Mutations

You are a hulking beast.
Your limbs bulge with bestial killing power. (Slay +2)
Your plain brown scales are hard. (AC +5)
You cannot fit into any form of body armour.
You are cold-blooded and may be slowed by cold attacks.


Message History

You kill the bat!
You see here a bat corpse. 2 bats come into view.
The bat closely misses you.
There are monsters nearby!
A bat comes into view.
The bat hits you but does no damage. The bat closely misses you.
The bat barely misses you.
You punch the bat!
You kill the bat!
The bat barely misses you. The bat hits you but does no damage.
You hit the bat.
You kill the bat!
The bat barely misses you. The bat closely misses you.
You hit the bat.
You kill the bat!
No target in view!
No target in view!
No target in view!
Nothing quivered!
Nothing quivered!
You see here a bat corpse.
You see here a bat corpse.
You see here a bat corpse.
An ogre comes into view. It is wielding a +0 giant club.
Found a stone staircase leading down.
The ogre shouts!
The ogre moves out of view.
Found 5 stones.
Okay, then.
Okay, then.
You barely miss the ogre. You tail-slap the ogre!
The ogre is moderately wounded.
The ogre hits you with a +0 giant club!!
Ouch! That really hurt!
You punch the ogre!
The ogre is severely wounded.
The ogre hits you with a +0 giant club!!
Ouch! That really hurt!
You die...

######### ##### ........##
##...## .......>.###.....##
.........##.......#
(........###.....##
.......O..###.††## .......h#
###.# ........######..#
.######......†.## #.#####†##
#.......# #.###.#.## #.......#
#.#......# #.......##
#.#.###.)######### #........#
#.#.......)....)..
#........#####+#..#############


You could see an ogre.

Vanquished Creatures
  An orc wizard (D:3)
  2 adders
  A worm (D:3)
  2 dart slugs (D:2)
  3 orcs (D:3)
  8 endoplasms
  3 giant cockroaches
  5 goblins
  A hobgoblin (D:2)
  7 jackals
  A quokka (D:2)
  4 ball pythons
  10 bats
  2 frilled lizards
  3 kobolds
  5 rats
58 creatures vanquished.

Notes
Turn   | Place    | Note
-------+----------+-------------------------------------------
     0 | D:1      | CraigForest the Draconian Shapeshifter began the quest for
                  | the Orb.
     0 | D:1      | Reached XP level 1. HP: 16/16 MP: 1/1
   154 | D:1      | Reached XP level 2. HP: 23/23 MP: 2/2
   162 | D:1      | Found Daedghopp's Armour Shop.
   261 | D:1      | Found Luptu's Armour Shop.
   350 | D:1      | Found Ulasom's Weapon Shop.
   666 | D:2      | Reached XP level 3. HP: 27/28 MP: 3/3
   769 | D:2      | Found a blossoming altar of Fedhas.
  1349 | D:2      | You fall into a shaft and drop 1 floor!
  1387 | D:3      | Reached XP level 4. HP: 30/35 MP: 4/4
  1420 | D:3      | Reached skill level 4 in Unarmed Combat
  1426 | D:3      | Identified the ring "Zywkug" {rF+ Str+2 Slay+3}
  1575 | D:3      | Noticed an ogre
  1580 | D:3      | Mangled by an ogre

Illustrated notes

Levels and vault maps discovered:
D:1:      lightli_arrival_statue_moat, layout_basic, serial_shops,
          nicolae_shop_real_fake_doors, nicolae_shop_tiny_statue_garden, shop,
          nicolae_concentric_dashed_squares_mild
D:2:      layout_basic, basic_altar
D:3:      layout_basic, fedhas_altar_3, gammafunk_ghost_grave, roderic_batcave

Skill      XL: |  1  2  3  4 |
---------------+-------------+-----
Dodging        | 2 |  2.2
Unarmed Combat | 4 |  4.1
Fighting       | |  1.1
Shapeshifting  | |  3.9

Action                     |  1- 3 |  4- 6 || total
---------------------------+-------+-------++-------
  Melee: Unarmed           |    92 |    31 ||   123
         Tailslap          |     7 |     3 ||    10
         Punch             |     2 |       ||     2
    Use: Scroll            |     6 |       ||     6
 Armour: Skin              |    24 |    14 ||    38
  Dodge: Dodged            |    37 |    36 ||    73

Table legend: (Time is in decaauts)
 A = Elapsed time spent in this place.
 B = Non-inter-level travel time spent in this place.
 C = Inter-level travel time spent in this place.
 D = Time resting spent in this place.
 E = Time spent auto-exploring this place.
 F = Levels seen in this place.
 G = Mean time per level.
                   A        B        C        D        E       F      G
               +--------+--------+--------+--------+--------+-----+--------+
         Total |   1572 |   1357 |    215 |      0 |   1046 |   3 |  524.0 |
       Dungeon |   1572 |   1357 |    215 |      0 |   1046 |   3 |  524.0 |
               +--------+--------+--------+--------+--------+-----+--------+

Top non-repeatable levels by time:
     D:2: 730 daAuts
     D:1: 615 daAuts
     D:3: 226 daAuts
